 Dungeon Crawl Stone Soup version 0.28.0-45-g0d030f2227 (webtiles) character file.

Game seed: 14511155385923183681

49263 NateTC the Bludgeoner (level 14, 0/202 HPs)
             Began as a Minotaur Fighter on Apr 10, 2022.
             Was a High Priest of the Shining One.
             Slain by an orc warrior
             ... wielding a +0 vorpal long sword
             ... led by an orc warlord
              (27 damage)
             ... on level 1 of the Orcish Mines.
             The game lasted 01:49:10 (19937 turns).

NateTC the Bludgeoner (Minotaur Fighter)           Turns: 19937, Time: 01:49:12

Health: 0/202      AC: 39    Str: 26    XL:     14   Next: 15%
Magic:  18/20      EV:  2    Int:  5    God:    the Shining One [*****.]
Gold:   598        SH: 14    Dex: 10    Spells: 21/23 levels left

rFire   . . .      SeeInvis .   p - +1 morningstar (elec)
rCold   . . .      Faith    .   c - +0 buckler
rNeg    + + .      Spirit   .   (armour currently unavailable)
rPois   +          Reflect  .   (helmet currently unavailable)
rElec   .          Harm     .   (cloak currently unavailable)
rCorr   .          Rampage  .   (gloves currently unavailable)
Will    +....      NoTele   +   (boots currently unavailable)
Stlth   +.........              y - amulet of the acrobat
HPRegen 0.43/turn               n - +4 ring of protection
MPRegen 0.17/turn               b - ring of the Tortoise {AC+8}

@: mighty, divinely shielded, tree-form, glowing
A: stationary, stasis, torment immunity, boosted hp, (horns 2), (retaliatory
headbutt)
a: Renounce Religion, Divine Shield, Cleansing Flame, Summon Divine Warrior


You were on level 1 of the Orcish Mines.
You worshipped the Shining One.
The Shining One was extremely pleased with you.
You were a tree.
You visited 4 branches of the dungeon, and saw 20 of its levels.
You visited the Abyss 1 time.

You collected 1196 gold pieces.
You spent 598 gold pieces at shops.

Inventory:

Hand Weapons
 p - a +1 morningstar of electrocution (weapon)
 t - the +7 war axe of the Blowfly {flame, rElec}
   (You found it on level 1 of the Lair of Beasts)

   It burns those it strikes, dealing additional fire damage.
   Big, fiery blades are also staple armaments of hydra-hunters.
   rElec:     It insulates you from electricity.
Armour
 c - a +0 buckler (worn)
 q - the +7 Kryia's mail coat {PotionHeal*2 rC+}
   (You found it on level 3 of the Dungeon)

   Potions are twice as effective at healing its wearer.
   rC:        It protects you from cold.
 z - a +1 pair of boots of rampaging (melded)
 B - a +2 scale mail of fire resistance
 G - a +0 pair of gloves (melded)
 H - a +3 plate armour of poison resistance (melded)
 I - a +1 hat (melded)
 L - an orb of wrath
Jewellery
 b - the ring of the Tortoise (right branch) {AC+8}
   (You found it on level 5 of the Dungeon)

   [ring of protection]

   AC:        It affects your AC (+8).
 n - a +4 ring of protection (left branch)
 u - a ring of protection from fire
 y - an amulet of the acrobat (around neck)
 A - a ring of fire
 J - an amulet of regeneration
 O - a ring of poison resistance
Wands
 f - a wand of flame (48)
 j - a wand of charming (11)
 w - a wand of polymorph (6)
 C - a wand of acid (3)
 F - a wand of iceblast (18)
Scrolls
 g - 3 scrolls of fog
 h - 7 scrolls of teleportation
 k - a scroll of brand weapon
 r - a scroll of magic mapping
 x - 2 scrolls of immolation
 D - 2 scrolls of enchant armour
 K - 2 scrolls of enchant weapon
 N - a scroll of holy word
 P - a scroll of identify
Potions
 a - 2 potions of attraction
 d - 2 potions of heal wounds
 e - 5 potions of ambrosia
 i - 7 potions of curing
 l - a potion of cancellation
 m - 4 potions of flight
 o - 2 potions of haste
 s - 2 potions of magic
 v - 2 potions of lignification
 E - 3 potions of resistance


   Skills:
 + Level 15.5 Fighting
 - Level 16.0 Maces & Flails
 - Level 11.0 Armour
 - Level 5.0 Shields
 - Level 5.1 Spellcasting
 - Level 6.0 Transmutations
 - Level 4.5 Earth Magic
 * Level 7.6 Invocations
 - Level 2.8 Evocations


You had 21 spell levels left.
You knew the following spells:

 Your Spells              Type           Power      Damage    Failure   Level
a - Passwall              Tmut/Erth      5%         N/A       7%          2

Your spell library contained the following spells:

 Spells                   Type           Power      Damage    Failure   Level
 Sandblast                Erth           10%        2d5       6%          1
 Animate Skeleton         Necr           2%         N/A       38%         1
 Apportation              Tloc           2%         N/A       38%         1
 Freeze                   Ice            4%         1d3       38%         1
 Pain                     Necr           4%         1d4       38%         1
 Shock                    Conj/Air       4%         1d3       38%         1
 Stone Arrow              Conj/Erth      6%         3d7       43%         3
 Ignite Poison            Fire/Tmut/Pois 3%         N/A       47%         3
 Dazzling Flash           Conj/Hex       2%         N/A       77%         3
 Frozen Ramparts          Ice            2%         1d2       77%         3
 Gell's Gravitas          Tloc           1%         N/A       77%         3
 Lesser Beckoning         Tloc           1%         N/A       77%         3
 Mephitic Cloud           Conj/Pois/Air  1%         N/A       77%         3
 Ozocubu's Armour         Ice            1%         N/A       77%         3
 Swiftness                Air            1%         N/A       77%         3
 Teleport Other           Tloc           1%         N/A       77%         3
 Vampiric Draining        Necr           1%         2d6       77%         3
 Alistair's Intoxication  Tmut/Pois      2%         N/A       97%         5
 Airstrike                Air            0%         N/A       99%         4
 Hailstorm                Conj/Ice       1%         3d3       99%         4
 Agony                    Necr           1%         N/A       100%        5
 Freezing Cloud           Conj/Ice/Air   0%         6-21      100%        5
 Metabolic Englaciation   Hex/Ice        0%         N/A       100%        5
 Silence                  Hex/Air        0%         N/A       100%        5
 Simulacrum               Ice/Necr       0%         N/A       100%        6


Dungeon Overview and Level Annotations

Branches:
Dungeon (11/15)            Temple (1/1) D:5            Lair (6/6) D:11
  Swamp (0/4) Lair:2       Spider (0/4) Lair:3        Slime (0/5) Lair:6
    Orc (2/2) D:11
    Elf: Orc:2

Altars:
Ashenzari
Cheibriados
Dithmenos
Elyvilon
Fedhas
Gozag
Hepliaklqana
Kikubaaqudgha
Makhleb
Nemelex Xobeh
Okawaru
Qazlal
Ru
Sif Muna
Trog
Uskayaw
Vehumet
Wu Jian
Xom
Yredelemnul
Zin
The Shining One

Shops:
D:1 *   D:7 (   D:10 :   D:11 *   Orc:1 ?

Portals:
Hell: Lair:6


Innate Abilities, Weirdness & Mutations

You are a tree.
Your roots penetrate the ground, keeping you stationary.
You cannot be teleported.
You are immune to unholy pain and torment.
Your maximum health is greatly increased.
Your equipment is partially melded.
((You have a pair of horns on your head.))
((You reflexively headbutt those who attack you in melee.))


Message History

The orc warlord hits you with a +3 war axe!!
The orc warrior completely misses you.
The orc warrior hits you with a +0 flail!
The orc closely misses you. You furiously retaliate!
You headbutt the orc!
You kill the orc!
You puncture the orc warlord!
You headbutt the orc warlord, but do no damage.
The orc warlord is lightly wounded.
You block the orc's attack. The orc warrior barely misses you.
You block the orc warlord's attack.
The orc warrior hits you but does no damage.
You thump the orc warlord!
The orc warlord is moderately wounded.
You block the orc warrior's attack. The orc barely misses you.
You furiously retaliate!
You headbutt the orc!
You kill the orc!
The orc warrior barely misses you. You furiously retaliate!
You headbutt the orc warrior!
The orc warlord hits you with a +3 war axe!!
* * * LOW HITPOINT WARNING * * *
You feel much better. The orc warrior completely misses you.
You block the orc warrior's attack.
The orc warrior hits you with a +0 glaive!
* * * LOW HITPOINT WARNING * * *
The orc warlord hits you but does no damage.
You feel much better.
The orc warrior hits you with a +0 vorpal long sword.
The orc warrior hits you with a +0 flail!
You block the orc warrior's attack.
The orc warlord hits you with a +3 war axe!!
* * * LOW HITPOINT WARNING * * *
Really quaff the potion of lignification?
You turn into a tree.
Your +1 hat melds into your body.
Your +0 pair of gloves melds into your body.
Your +1 pair of boots of rampaging melds into your body.
Your +3 plate armour of poison resistance melds into your body.
You no longer feel able to rampage towards enemies.
You no longer feel resistant to poison.
Your roots penetrate the ground.
The orc warrior hits you with a +0 vorpal long sword!!
You die...

..............#####....#.....##
........^.......####..##......#
#.................#.#.##.....##
.......................#.....#
........#.........#....#.....###
...............................##
#......................#.#......#
.........#..#..oo)....###........
........##.....[♣o....###........
........)#.....o)).....#......#.#
..##.#))#...###....##...#....####
..#####<)....##.....#..##....#
.## #)))...####............## .#
##.))..## #.......#..### ##
###.......# #......#...#
.###.##.#.#.####.......#.##
..#.........#.#...#...####


You could see an orc warlord (strong) and 3 orc warriors.

Vanquished Creatures
  A dire elephant (Lair:6)
  A boulder beetle (Lair:6)
  Fannar (D:10)
  Harold (D:9)
  A catoblepas (Lair:6)
  A hell beast (Lair:6)
  5 hydras
  3 two-headed ogres
  Sonja (D:11)
  A wizard (Lair:6)
  2 large abominations (Abyss:2)
  Pikel (D:7)
  A lindwurm (Lair:6)
  An oklob plant (D:11)
  A cyclops (D:11)
  13 elephants
  7 black mambas
  10 cane toads
  A dire elephant skeleton (Abyss:2)
  A gargoyle (D:10)
  3 orange demons (Lair:6)
  9 komodo dragons
  A hellwing (Lair:6)
  An ice devil (Lair:6)
  2 rime drakes
  A red devil (Lair:6)
  4 trolls
  2 polar bears
  2 slime creatures (D:10)
  17 blink frogs
  A shadow (D:9)
  2 wyverns
  A wraith (D:9)
  Eustachio (D:4)
  3 basilisks
  37 yaks
  2 vampire mosquitoes (D:11)
  An acid dragon (D:11)
  4 wargs
  5 hell hounds (Lair:6)
  22 water moccasins
  Duvessa (D:7)
  3 ice beasts
  2 black bears
  14 orc warriors
  18 wolves
  4 ogres
  12 centaurs
  A necrophage (D:8)
  A kobold brigand (D:10)
  8 bullfrogs
  A gnoll sergeant (D:10)
  3 scorpions
  A wyvern skeleton (D:7)
  A water moccasin skeleton (D:5)
  Dowan (D:7)
  An elephant simulacrum (Lair:1)
  10 killer bees (D:9)
  2 howler monkeys (D:11)
  4 wights
  4 centaur zombies
  A quasit (Abyss:2)
  A bullfrog zombie (D:5)
  A starcursed mass (Abyss:2)
  A bullfrog skeleton (D:7)
  A centaur skeleton (D:7)
  3 hounds
  14 jellies
  2 gnoll shamans
  6 orc priests
  Ijyb (D:3)
  4 iguanas
  24 orc wizards
  A polar bear simulacrum (Lair:1)
  A killer bee zombie (D:7)
  A howler monkey zombie (D:9)
  Robin (D:3)
  17 gnolls
  6 adders
  7 white imps
  An ufetubus (D:7)
  An adder skeleton (D:4)
  2 dart slugs
  47 orcs
  6 bats
  10 endoplasms
  4 giant cockroaches
  14 goblins
  12 hobgoblins
  9 quokkas
  4 ball pythons
  4 frilled lizards
  18 kobolds
  9 rats
  A butterfly (D:4)
502 creatures vanquished.

Vanquished Creatures (others)
  An orc wizard (D:6)
  An orc (Orc:2)
  31 fungi
  68 plants
  5 starspawn tentacles (Abyss:2)
106 creatures vanquished.

Grand Total: 608 creatures vanquished

Notes
Turn   | Place    | Note
-------+----------+-------------------------------------------
     0 | D:1      | NateTC the Minotaur Fighter began the quest for the Orb.
     0 | D:1      | Reached XP level 1. HP: 19/19 MP: 0/0
    41 | D:1      | Found a faded altar of an unknown god.
   133 | D:1      | Reached skill level 3 in Maces & Flails
   229 | D:1      | Reached XP level 2. HP: 24/27 MP: 1/1
   609 | D:1      | Found Bayr's Assorted Antiques.
   986 | D:2      | Reached XP level 3. HP: 33/33 MP: 2/2
  1013 | D:2      | Reached skill level 4 in Maces & Flails
  1331 | D:2      | Reached XP level 4. HP: 7/41 MP: 3/3
  1787 | D:2      | Reached skill level 5 in Maces & Flails
  1999 | D:3      | Found the +7 Kryia's mail coat {PotionHeal*2 rC+}
  2005 | D:3      | Noticed Ijyb
  2028 | D:3      | Killed Ijyb
  2362 | D:3      | Found a broken altar of Ashenzari.
  2480 | D:3      | Reached XP level 5. HP: 47/47 MP: 4/4
  2644 | D:3      | Found a hide-covered altar of Uskayaw.
  2697 | D:3      | Noticed Robin
  2708 | D:3      | Reached skill level 5 in Fighting
  2760 | D:3      | Killed Robin
  2893 | D:3      | Reached skill level 6 in Maces & Flails
  3128 | D:4      | Noticed an ice beast
  3148 | D:4      | Killed an ice beast
  3149 | D:4      | Reached XP level 6. HP: 56/56 MP: 5/5
  3183 | D:4      | Reached skill level 7 in Maces & Flails
  3226 | D:4      | Noticed Eustachio
  3314 | D:4      | Killed Eustachio
  3315 | D:4      | Reached XP level 7. HP: 52/61 MP: 6/6
  3351 | D:4      | Reached skill level 5 in Armour
  3476 | D:4      | Found a glowing silver altar of Zin.
  3525 | D:4      | Found a shimmering altar of Xom.
  3702 | D:4      | Reached skill level 8 in Maces & Flails
  4150 | D:5      | Entered Level 5 of the Dungeon
  4266 | D:5      | Found the ring of the Tortoise {AC+8}
  4501 | D:5      | Found a staircase to the Ecumenical Temple.
  4607 | Temple   | Entered the Ecumenical Temple
  4748 | Temple   | Became a worshipper of the Shining One
  5006 | D:6      | Noticed a yak
  5010 | D:5      | Reached skill level 9 in Maces & Flails
  5016 | D:6      | Noticed a yak
  5023 | D:5      | Killed a yak
  5024 | D:5      | Reached XP level 8. HP: 47/68 MP: 7/7
  5251 | D:6      | Reached skill level 10 in Maces & Flails
  5363 | D:6      | Found a radiant altar of Vehumet.
  5714 | D:6      | Reached * piety under the Shining One
  5875 | D:6      | Reached skill level 11 in Maces & Flails
  5879 | D:6      | Reached XP level 9. HP: 74/80 MP: 8/8
  6617 | D:7      | Noticed Pikel
  6632 | D:7      | Killed Pikel
  6659 | D:7      | Found Zygis's Antique Weapon Shoppe.
  6659 | D:7      | Noticed Dowan
  6659 | D:7      | Noticed Duvessa
  6671 | D:7      | Killed Dowan
  6678 | D:7      | Killed Duvessa
  6723 | D:7      | Reached skill level 10 in Fighting
  6728 | D:7      | Reached skill level 12 in Maces & Flails
  7481 | D:8      | Reached skill level 5 in Shields
  7481 | D:8      | Reached skill level 1 in Invocations
  7488 | D:8      | Reached ** piety under the Shining One
  7496 | D:7      | Reached XP level 10. HP: 33/90 MP: 10/10
  8047 | D:8      | Found an iron altar of Okawaru.
  8048 | D:8      | Found a basalt altar of Yredelemnul.
  8574 | D:9      | Noticed Harold
  8588 | D:9      | Killed Harold
  8589 | D:9      | Reached skill level 13 in Maces & Flails
  8633 | D:9      | Noticed a two-headed ogre
  8644 | D:9      | Killed a two-headed ogre
  8645 | D:9      | Reached skill level 5 in Invocations
  8845 | D:9      | Found a blossoming altar of Fedhas.
  8853 | D:9      | Noticed a two-headed ogre
  8862 | D:9      | Killed a two-headed ogre
  8863 | D:9      | Reached skill level 14 in Maces & Flails
  9140 | D:10     | Entered Level 10 of the Dungeon
  9157 | D:10     | Reached XP level 11. HP: 101/101 MP: 14/14
  9451 | D:10     | Noticed a two-headed ogre
  9475 | D:10     | Killed a two-headed ogre
  9476 | D:10     | Reached skill level 15 in Maces & Flails
  9625 | D:10     | Reached *** piety under the Shining One
  9801 | D:10     | Found Ziceps's Book Boutique.
  9950 | D:10     | Found a faded altar of an unknown god.
  9950 | D:10     | Found a faded altar of an unknown god.
  9952 | D:10     | Found a hazy altar of Hepliaklqana.
 10005 | D:10     | Learned a level 2 spell: Passwall
 10024 | D:11     | Noticed Fannar
 10031 | D:11     | Noticed a five-headed hydra
 10047 | D:10     | Killed Fannar
 10051 | D:10     | Killed a five-headed hydra
 10052 | D:10     | Reached skill level 1 in Spellcasting
 10461 | D:11     | Found Ewisaohu's Assorted Antiques.
 10468 | D:11     | Bought a glowing plate armour for 598 gold pieces
 10498 | D:11     | Found a staircase to the Lair.
 10617 | D:11     | Noticed an oklob plant
 10621 | D:11     | Killed an oklob plant
 10821 | D:11     | Found a staircase to the Orcish Mines.
 11092 | D:11     | Noticed Sonja
 11104 | D:11     | Killed Sonja
 11266 | Lair:1   | Entered Level 1 of the Lair of Beasts
 11373 | Lair:1   | Reached skill level 5 in Spellcasting
 11380 | Lair:1   | Reached XP level 12. HP: 82/112 MP: 18/18
 11455 | Lair:1   | Noticed a four-headed hydra
 11463 | Lair:1   | Killed a four-headed hydra
 11464 | Lair:1   | Reached skill level 1 in Earth Magic
 11904 | Lair:1   | Identified the +7 war axe of the Blowfly {flame, rElec}
 12254 | Lair:2   | Reached skill level 1 in Evocations
 12306 | Lair:2   | Reached **** piety under the Shining One
 12900 | Lair:2   | Found a staircase to the Swamp.
 13502 | Lair:3   | Reached skill level 1 in Transmutations
 13898 | Lair:3   | Found a hole to the Spider Nest.
 13906 | Lair:3   | You fall into a shaft and drop 2 floors!
 14320 | Lair:4   | Noticed an eight-headed hydra
 14334 | Lair:3   | Killed an eight-headed hydra
 14335 | Lair:3   | Reached skill level 5 in Transmutations
 14596 | Lair:4   | Reached XP level 13. HP: 73/119 MP: 19/19
 15998 | Lair:5   | Reached skill level 16 in Maces & Flails
 16925 | Lair:6   | Entered Level 6 of the Lair of Beasts
 17300 | Lair:6   | Reached skill level 10 in Armour
 17544 | Lair:6   | Found a staircase to the Slime Pits.
 17638 | Lair:6   | Noticed a dire elephant
 17814 | Lair:6   | Killed a dire elephant
 17944 | Lair:6   | Cast into level 2 of the Abyss (a wizard)
 18056 | Abyss:2  | Noticed a starcursed mass
 18063 | Abyss:2  | Paralysed by accursed screaming for 2 turns
 18113 | Abyss:2  | Noticed a tentacled starspawn
 18207 | Lair:6   | Escaped the Abyss
 18255 | Lair:6   | Found a burning altar of Makhleb.
 18290 | Lair:6   | Reached ***** piety under the Shining One
 18311 | Lair:6   | Reached skill level 15 in Fighting
 18328 | Lair:6   | Found a gateway to Hell.
 18568 | Lair:6   | Reached XP level 14. HP: 121/135 MP: 20/20
 18801 | Lair:6   | Found the +4 moon troll leather armour {Spirit, Regen++
                  | MP+5}
 18994 | Orc:1    | Entered Level 1 of the Orcish Mines
 19054 | Orc:1    | Found Geirch's Magic Scroll Shoppe.
 19353 | Orc:2    | Entered Level 2 of the Orcish Mines
 19660 | Orc:2    | Noticed an orc warlord
 19937 | Orc:1    | Slain by an orc warrior

Illustrated notes

Levels and vault maps discovered:
D:1:      dpeg_arrival_rooms_b, layout_loops_cross, serial_forest,
          infiniplex_forest_straight_1, infiniplex_forest_straight_4,
          infiniplex_forest_clump_small, infiniplex_forest_clump_medium,
          infiniplex_forest_lined_4_way, infiniplex_forest_end_2,
          infiniplex_forest_lined_4_way, ebering_ecumenical_altar_petrified,
          serial_shops, nicolae_lakefront_shop, minmay_misc_feat_square
D:2:      layout_loops_ring
D:3:      layout_loops_cross, nicolae_uskayaw_dance_hall, lemuel_round_altar,
          uniq_robin, uniq_ijyb
D:4:      layout_loops_ring, lemuel_doored_altar, xom_butterflies,
          hangedman_decor_slide_cut, uniq_eustachio
D:5:      layout_rooms, minmay_temple_entry_gardened_gates
D:6:      nicolae_BIG_FREAKIN_CUBE, layout_rooms, nicolae_vehumet_radiance
D:7:      layout_loops_cross, serial_shops, shop, serial_bayou_pond_b,
          uniq_duvessa, uniq_pikel
D:8:      layout_gridville, nicolae_overflow_squiral, minivault_22
D:9:      layout_roguey, fedhas_altar_2, uniq_harold
D:10:     minmay_flawed_box, layout_rooms,
          nicolae_hepliaklqana_ecumenical_no_more, serial_shops, shop,
          minmay_misc_feat_rows
D:11:     layout_loops_ring, dpeg_oklobed_lair, orc_0_dummy, serial_shops,
          shop_fountains, uniq_sonja, uniq_fannar
Temple:   dshaligram_water_room_temple
Lair:1:   layout_cave_shapes, portal_ice_cave_entry_ice_simulacra
Lair:2:   layout_cave_pods, swamp_mist_pool
Lair:3:   layout_long_grid, dummy_spider_entry, lemuel_fruit_tree,
          grunt_megastairs_3
Lair:4:   layout_loops_ring, minmay_lindwurm_lava
Lair:5:   layout_loops_ring
Lair:6:   evil_forest, layout_long_grid, minmay_slime_entry_jelly_boxes,
          nicolae_lair_grazing_beasts [nicolae_sub_lair_graze_edge,
          nicolae_sub_lair_graze_edge, nicolae_sub_lair_graze_edge,
          nicolae_sub_lair_graze_edge]
Orc:1:    layout_caves, serial_shops, nicolae_shop_hallway_plus, uniq_erolcha,
          uniq_erica
Orc:2:    st_orc_rangers, layout_caves, basic_altar

Skill      XL: |  1  2  3  4  5  6  7  8  9 10 11 12 13 14 |
---------------+-------------------------------------------+-----
Maces & Flails | 3 4 5 6 7 9 11 12 14 15 16 | 16.0
Fighting       | 4 5 7 10 12 15 | 15.5
Armour         | 4 6 7 11 | 11.0
Shields        | 5 |  5.0
Invocations    | 1 6 7 |  7.6
Spellcasting   | 5 |  5.1
Earth Magic    | 4 |  4.5
Evocations     | 2 |  2.8
Transmutations | 5 6 |  6.0

Action                   |  1- 3 |  4- 6 |  7- 9 | 10-12 | 13-15 || total
-------------------------+-------+-------+-------+-------+-------++-------
Melee: Flail             |    87 |   112 |       |       |       ||   199
       Headbutt          |    11 |    21 |    43 |   121 |   129 ||   325
       Morningstar       |       |    42 |   274 |   471 |   483 ||  1270
Invok: Divine Shield     |       |       |       |     1 |     1 ||     2
  Use: Scroll            |     1 |     3 |     7 |     9 |     7 ||    27
       Potion            |     1 |       |       |     1 |     5 ||     7
Armor: Scale mail        |    25 |     9 |       |       |       ||    34
       Chain mail        |       |    55 |       |       |       ||    55
       Plate armour      |       |    44 |   178 |   446 |   403 ||  1071
Dodge: Dodged            |    38 |    58 |    62 |   287 |   231 ||   676
Block: Buckler           |    14 |    37 |    37 |   161 |   119 ||   368
